 Dungeon Crawl Stone Soup version 0.30-a0-953-g5f1da4a474 (webtiles) character file.

Game seed: 12178670572206570171

42 Dirtsage the Trooper (level 3, -1/31 HPs)
             Began as a Demonspawn Fighter on Mar 28, 2023.
             Slain by a goblin
             ... wielding a +0 club
             ... led by Robin
              (3 damage)
             ... on level 2 of the Dungeon.
             The game lasted 00:01:33 (939 turns).

Dirtsage the Trooper (Demonspawn Fighter)            Turns: 939, Time: 00:01:33

Health: -1/31      AC:  6    Str: 18    XL:     3   Next: 33%
Magic:  3/3        EV:  9    Int:  9    God:
Gold:   77         SH:  4    Dex: 12    Spells: 2/2 levels left

rFire   . . .      SeeInvis .    a - +0 war axe
rCold   . . .      Faith    .    c - +0 buckler
rNeg    . . .      Spirit   .    b - +0 scale mail
rPois   .          Reflect  .    (no helmet)
rElec   .          Rampage  .    (no cloak)
rCorr   .                        (no gloves)
Will    .....                    (no boots) Stlth
                                 (no amulet)
HPRegen 0.25/turn                (no ring)
MPRegen 0.08/turn                (no ring)

@: no status effects
A: hooves 1, powered by pain 1
a: no special abilities


You were on level 2 of the Dungeon.
You visited 1 branch of the dungeon, and saw 2 of its levels.

You collected 77 gold pieces.

Inventory:

Hand Weapons
 a - a +0 war axe (weapon)
Missiles
 h - 4 curare-tipped darts (quivered)
Armour
 b - a +0 scale mail (worn)
 c - a +0 buckler (worn)
Scrolls
 e - a scroll of immolation {unknown}
 f - a scroll of teleportation {unknown}
 i - 3 scrolls of identify {unknown}
 k - a scroll of noise {unknown}
Potions
 d - a potion of might
 g - a potion of curing {unknown}
 j - a potion of brilliance {unknown}


   Skills:
 + Level 4.4 Fighting
 - Level 1.7 Axes
 - Level 2.6 Armour
 - Level 2.6 Shields


You had 2 spell levels left.
You didn't know any spells.
Your spell library was empty.

Dungeon Overview and Level Annotations

Branches:
Dungeon (2/15)

Altars:

Shops:
D:1 *

Annotations:
D:2 Robin


Innate Abilities, Weirdness & Mutations

You have large cloven feet.
You sometimes gain a little power by taking damage.


Message History

You block the goblin's attack. The goblin hits you but does no damage.
You closely miss the hobgoblin. You kick the hobgoblin.
The hobgoblin is moderately wounded.
You hit the goblin but do no damage. You slash the hobgoblin!
You kill the hobgoblin!
You hit the goblin.
You kill the goblin!
You block the hobgoblin's attack. The goblin hits you with a +0 club.
Robin says, "My goblins will feast on your bones."
Robin throws the goblin at you!
You take 2 damage, and have 12/31 hp.
You closely miss the hobgoblin.
The hobgoblin is moderately wounded.
You barely miss the goblin. You closely miss the goblin.
The goblin no longer looks unusually strong. x2
You block the hobgoblin's attack. The goblin hits you but does no damage.
Robin roars a battlecry!
The goblins go into a battle-frenzy!
The goblin hits you with a +0 club.
* * * LOW HITPOINT WARNING * * *
The goblin hits you but does no damage. The goblin hits you with a +0 club.
* * * LOW HITPOINT WARNING * * *
The goblin hits you but does no damage.
The hobgoblin hits you but does no damage.
Robin throws the goblin at you!
You take 9 damage, and have 3/31 hp.
MASSIVE DAMAGE!!
You slash the hobgoblin!
You kill the hobgoblin!
You closely miss the goblin. You hit the goblin but do no damage.
You hit the goblin. The goblin barely misses you.
The goblin closely misses you. You block the goblin's attack.
You hit Robin. You kick Robin.
Robin is severely wounded.
You hit the goblin. You hit the goblin but do no damage.
You closely miss the goblin. The goblin hits you with a +0 club.
* * * LOW HITPOINT WARNING * * *
You block Robin's attack. The goblin hits you with a +0 club.
* * * LOW HITPOINT WARNING * * *
The goblin barely misses you. The goblin hits you with a +0 club.
You die...

.............
.....$..... ...#.....#
#........#
..........###........#
#....................#
..........##.........#
...............gg)...#
..........######@#####
.............).gg..#
.................$.#
.............(.....#
...................#
.#.......#.........#
.........†.....!...#
#######.#.......#.## .
#..####?....#


You could see Robin and 3 goblins.

Vanquished Creatures
  2 dart slugs (D:1)
  3 bats (D:1)
  3 endoplasms
  A giant cockroach (D:1)
  7 goblins
  7 hobgoblins
  A quokka (D:1)
  2 ball pythons (D:1)
  3 frilled lizards
  4 kobolds (D:1)
  2 rats (D:1)
35 creatures vanquished.

Notes
Turn   | Place    | Note
-------+----------+-------------------------------------------
     0 | D:1      | Dirtsage the Demonspawn Fighter began the quest for the
                  | Orb.
     0 | D:1      | Reached XP level 1. HP: 18/18 MP: 1/1
   134 | D:1      | Found Wyrchuty's General Store.
   144 | D:1      | Gained mutation: You sometimes gain a little power by
                  | taking damage. [demonic ancestry]
   144 | D:1      | Reached XP level 2. HP: 23/24 MP: 2/2
   329 | D:1      | Reached skill level 4 in Fighting
   925 | D:2      | Noticed Robin
   927 | D:2      | Discovered your monstrous ancestry.
   927 | D:2      | Gained mutation: You have large cloven feet. [demonic
                  | ancestry]
   927 | D:2      | Reached XP level 3. HP: 21/30 MP: 3/3
   939 | D:2      | Slain by a goblin

Illustrated notes

Levels and vault maps discovered:
D:1:      dpeg_arrival_court, layout_loops_corners, serial_shops,
          nicolae_square_shop, roderic_nine_men_s_morris, minmay_octomino_j4
D:2:      layout_rooms, minmay_misc_feat_square, uniq_robin

Skill      XL: |  1  2 |
---------------+-------+-----
Fighting       | 4 |  4.4
Axes           | |  1.7
Armour         | |  2.6
Shields        | |  2.6

Action                     || total
---------------------------++-------
  Melee: War axe           ||    75
         Kick              ||     3
 Armour: Scale mail        ||    44
  Dodge: Dodged            ||    39
  Block: Buckler           ||    20

Table legend: (Time is in decaauts)
 A = Elapsed time spent in this place.
 B = Non-inter-level travel time spent in this place.
 C = Inter-level travel time spent in this place.
 D = Time resting spent in this place.
 E = Time spent auto-exploring this place.
 F = Levels seen in this place.
 G = Mean time per level.
                   A        B        C        D        E       F      G
               +--------+--------+--------+--------+--------+-----+--------+
         Total |    972 |    948 |     24 |      0 |    773 |   2 |  486.0 |
       Dungeon |    972 |    948 |     24 |      0 |    773 |   2 |  486.0 |
               +--------+--------+--------+--------+--------+-----+--------+

Top non-repeatable levels by time:
     D:1: 922 daAuts
     D:2: 50 daAuts
